 Dungeon Crawl Stone Soup version 0.25-a0-44-g29a1220a87 (webtiles) character file.

Game seed: 10884046024522888524, levelgen mode: deterministic

145 iamserjio the Chopper (level 5, -11/39 HPs)
             Began as a Formicid Air Elementalist on Oct 24, 2019.
             Mangled by an ogre
             ... wielding a +0 giant club
              (18 damage)
             ... on level 4 of the Dungeon.
             The game lasted 00:05:13 (2876 turns).

iamserjio the Chopper (Formicid Air Elementalist)   Turns: 2876, Time: 00:05:14

Health: -11/39     AC:  6    Str: 16    XL:     5   Next: 53%
Magic:  8/8        EV: 11    Int: 15    God:
Gold:   133        SH:  0    Dex: 11    Spells: 4/8 levels left

rFire    . . .     SeeInvis +   h - +0 hand axe
rCold    . . .     Gourm    .   (no shield)
rNeg     . . .     Faith    .   q - +0 ring mail
rPois    .         Spirit   .   (helmet unavailable)
rElec    .         Reflect  .   (no cloak)
rCorr    .         Harm     .   i - +0 pair of gloves
MR       .....                  (no boots)
Stlth    +.........             (no amulet)
HPRegen  0.13/turn              n - +3 ring of strength
MPRegen  0.11/turn              B - ring of flight

@: no status effects
A: permanent stasis, dig shafts and tunnels, four strong arms, antennae 3
a: Dig, Shaft Self, Evoke Flight


You were on level 4 of the Dungeon.
You were not hungry.

You visited 1 branch of the dungeon, and saw 4 of its levels.

You collected 133 gold pieces.

Inventory:

Hand Weapons
 h - a +0 hand axe (weapon)
 j - a +0 club
 s - a +0 spear
 z - a +0 vampiric short sword
Missiles
 b - 2 boomerangs (quivered)
 f - 99 stones
 o - 32 sling bullets
 C - 53 arrows
Armour
 a - a +0 robe
 i - a +0 pair of gloves (worn)
 l - a +0 leather armour
 q - a +0 ring mail (worn)
 x - a +0 cloak
 F - a +0 scale mail
Jewellery
 n - a +3 ring of strength (left hand)
 B - a ring of flight (right hand)
Wands
 E - a wand of digging (3)
 G - a wand of random effects (11)
Scrolls
 e - 2 scrolls of noise {unknown}
 g - 2 scrolls of enchant weapon {unknown}
 m - a scroll of amnesia {unknown}
 r - 2 scrolls of blinking {unknown}
 u - 4 scrolls of identify {unknown}
 w - a scroll of magic mapping {unknown}
 y - 2 scrolls of enchant armour {unknown}
Potions
 d - 2 potions of haste {unknown}
 k - a potion of magic {unknown}
 p - 4 potions of agility {unknown}
 t - a potion of heal wounds {unknown}
 v - a potion of mutation {unknown}
 A - a potion of might {unknown}
 H - a potion of curing {unknown}
Comestibles
 c - 7 rations
 D - 4 chunks of flesh


   Skills:
 + Level 2.6 Fighting
 * Level 3.6 Axes
 - Level 1.1 Armour
 - Level 1.7 Dodging
 - Level 2.4 Stealth
 - Level 2.1 Spellcasting
 - Level 0.8 Conjurations
 - Level 2.4 Air Magic


You had 4 spell levels left.
You knew the following spells:

 Your Spells              Type           Power        Failure   Level  Hunger
a - Shock                 Conj/Air       #...         22%         1    #......
b - Static Discharge      Conj/Air       #.......     54%         3    ###....

Your spell library contained the following spells:

 Spells                   Type           Power        Failure   Level  Hunger
 Swiftness                Chrm/Air       #.......     36%         2    ###....
 Beastly Appendage        Tmut           #.....       38%         1    #......
 Sticks to Snakes         Tmut           #.......     54%         2    ###....
 Spider Form              Tmut/Pois      #.........   77%         3    ###....
 Airstrike                Air            #.........   83%         4    #####..
 Ice Form                 Ice/Tmut       #.......     99%         4    #####..
 Lightning Bolt           Conj/Air       #.........   99%         5    ######.
 Blade Hands              Tmut           #.........   100%        5    ######.


Dungeon Overview and Level Annotations

Branches:
Dungeon (4/15)
 Temple: D:4-7

Altars:
Gozag
Nemelex Xobeh
Ru
Vehumet


Innate Abilities, Weirdness & Mutations

You cannot be hasted, slowed, berserked, paralysed or teleported.
You can dig through walls and to a lower floor.
Your four strong arms can wield two-handed weapons with a shield.
You have a pair of large antennae on your head. (SInv)


Message History

You see here a howler monkey skeleton.
Eating one of 5 chunks of flesh.
You eat one of the 5 chunks of flesh.
Found a scroll labeled NOIBIOGGUGH.
An ogre comes into view. It is wielding a +0 giant club.
The ogre shouts!
The ogre moves out of view.
Found 13 gold pieces and a club.
The ogre misses you.
An orc comes into view. It is wielding a +5 trident.
Found a stone staircase leading up.
An orc and an orc priest come into view.
The orc shouts!
The orc priest invokes the aid of Beogh against you.
Beogh smites you!
* * * LOW HITPOINT WARNING * * *
Are you sure you want to shaft yourself?
You feel somewhat more hungry. The ogre misses you.
You begin to dig a shaft.
You continue digging a shaft.
The ogre hits you with a +0 giant club!!
You die... .o ..# ... ..# #oo

#.. #<### #..
...##.. #
#########o...##.##
.......#.$.).....#
#.......?..@.....#
..........O..##.##
#...........#
#...........#
##.........###(#
##...#...##
#.##### #####..##
##.....## ### #.##
##.......## #.#
###.# #.........#


You could see an ogre, an orc priest and 3 orcs.

Vanquished Creatures
  A howler monkey (D:4)
  4 adders
  A leopard gecko (D:2)
  5 orcs (D:3)
  6 giant cockroaches
  7 goblins
  5 hobgoblins
  4 jackals
  7 kobolds
  3 ball pythons
  6 bats
  5 frilled lizards
  10 rats
64 creatures vanquished.

Notes
Turn   | Place    | Note
-------+----------+-------------------------------------------
     0 | D:1      | iamserjio the Formicid Air Elementalist began the quest for
                  | the Orb.
     0 | D:1      | Reached XP level 1. HP: 13/13 MP: 3/3
   317 | D:1      | Reached XP level 2. HP: 19/20 MP: 5/5
   347 | D:1      | Reached skill level 1 in Axes
   605 | D:1      | Reached skill level 1 in Fighting
   696 | D:1      | Reached skill level 1 in Armour
  1032 | D:1      | Reached XP level 3. HP: 26/26 MP: 6/6
  1199 | D:1      | Learned a level 3 spell: Static Discharge
  1386 | D:2      | Found a sparkling altar of Nemelex Xobeh.
  1390 | D:2      | Found an opulent altar of Gozag.
  1390 | D:2      | Found a radiant altar of Vehumet.
  1492 | D:2      | Reached skill level 2 in Axes
  1498 | D:2      | Reached XP level 4. HP: 31/33 MP: 7/7
  2072 | D:3      | Found a sacrificial altar of Ru.
  2787 | D:4      | Reached skill level 3 in Axes
  2827 | D:4      | Reached XP level 5. HP: 25/38 MP: 8/8
  2868 | D:4      | Noticed an ogre
  2876 | D:4      | Mangled by an ogre

Levels and vault maps discovered:
D:1:      evilmike_arrival_home_sweet_home, layout_loops_ring,
          minmay_misc_feat_alley
D:2:      layout_loops_ring, gammafunk_temple_overflow_forgotten
D:3:      layout_basic, nicolae_ru_sacrificial_ziggurat, first_ration,
          kennysheep_generic_room_16
D:4:      layout_rooms, chequers_ossuary_entry_cave, uniq_grinder, uniq_edmund,
          uniq_duvessa

Skill      XL: |  1  2  3  4 |
---------------+-------------+-----
Axes           | 1 2 3 |  3.6
Fighting       | 1 2 |  2.6
Armour         | 1 |  1.1
Dodging        | |  1.7
Stealth        | |  2.4
Spellcasting   | |  2.1
Conjurations   | |  0.8
Air Magic      | |  2.4

Action                   |  1- 3 |  4- 6 || total
-------------------------+-------+-------++-------
Melee: Hand axe          |   124 |   105 ||   229
       Unarmed           |     1 |       ||     1
 Cast: Shock             |     9 |       ||     9
 Abil: Shaft Self        |       |     1 ||     1
 Stab: Sleeping          |     2 |     1 ||     3
  Eat: Chunk             |     2 |     5 ||     7
Armor: Robe              |     3 |       ||     3
       Leather armour    |    26 |       ||    26
       Ring mail         |    17 |    37 ||    54
Dodge: Dodged            |    78 |    68 ||   146

Table legend:
 A = Non-vault XP
 B = Vault XP
 C = Vault XP percentage of total XP
 D = Non-vault monster count
 E = Vault monster count
 F = Vault count percentage of total count
                 A         B        C        D         E       F
            +---------+---------+-------+---------+---------+-------
      Total |     201 |       7 |   3.4 |      61 |       3 |   4.7
            +---------+---------+-------+---------+---------+-------
        D:1 |      34 |       0 |   0.0 |      23 |       0 |   0.0
        D:2 |      54 |       0 |   0.0 |      20 |       0 |   0.0
        D:3 |      26 |       7 |  21.2 |      12 |       3 |  20.0
        D:4 |      87 |       0 |   0.0 |       6 |       0 |   0.0
            +---------+---------+-------+---------+---------+-------
